 Dungeon Crawl Stone Soup version 0.17.0-9-g801d43b (webtiles) character file.

2202 HungrySpirit the Basher (level 9, -3/96 HPs)
             Began as an Ogre Arcane Marksman on Nov 9, 2015.
             Was an Initiate of Ru.
             Slain by an orc warrior
             ... wielding a +0 battleaxe
              (18 damage)
             ... on level 6 of the Dungeon.
             The game lasted 00:11:58 (6419 turns).

HungrySpirit the Basher (Ogre Arcane Marksman)      Turns: 6419, Time: 00:11:59

Health: -3/96      AC:  3    Str: 21    XL:     9   Next: 34%
Magic:  19/19      EV:  9    Int: 12    God:    Ru [......]
Gold:   420        SH:  0    Dex:  9    Spells: 1 memorised, 9 levels left

rFire  . . .     SeeInvis .     J - +0 giant spiked club
rCold  + . .     Clarity  .     c - +0 robe
rNeg   + . .     SustAt   .     (shield currently unavailable)
rPois  .         Gourm    .     (helmet restricted)
rElec  .         Spirit   .     (no cloak)
rCorr  .         Warding  +     (gloves unavailable)
rMut   .         Stasis   .     (boots unavailable)
MR     .....                    x - amulet of warding
Stlth  +.........               j - ring of magical power
                                q - ring of protection from cold

@: very slightly contaminated, drained, invisible (expiring), not resistant to
hostile enchantments, very unstealthy
A: unfitting armour, tough skin 1, disrupted magic 1
a: Renounce Religion


You were on level 6 of the Dungeon.
You worshipped Ru.
Ru was noncommittal.
You were not hungry.

You visited 1 branch of the dungeon, and saw 6 of its levels.

You collected 420 gold pieces.

Inventory:

Hand Weapons
 h - a +0 spear of flaming
 o - a +1 mace of protection
 y - a +0 blowgun
 H - a +0 giant club
 J - a +0 giant spiked club (weapon)
Missiles
 z - 23 poisoned needles
Armour
 c - a +0 robe (worn)
Rods
 K - a +0 rod of inaccuracy (14/14)
   (You found it on level 5 of the Dungeon)
Jewellery
 i - an uncursed ring of flight
 j - a ring of magical power (right hand)
 q - a ring of protection from cold (left hand)
 x - an amulet of warding (around neck)
Wands
 F - a wand of enslavement (8)
 M - a wand of draining (13)
Scrolls
 f - 11 scrolls of identify
 k - a scroll of immolation {unknown}
 m - 3 scrolls of fear {unknown}
 n - 3 scrolls of remove curse
 p - a scroll of noise {unknown}
 r - a scroll of recharging {unknown}
 t - 2 scrolls of enchant weapon {unknown}
 v - a scroll of amnesia {unknown}
 A - 5 scrolls of teleportation {unknown}
 C - a scroll of blinking {unknown}
Potions
 g - 4 potions of curing {unknown}
 l - a potion of agility {unknown}
 s - 2 potions of haste {unknown}
 u - a potion of beneficial mutation {unknown}
 w - a potion of berserk rage {unknown}
 B - 4 potions of heal wounds {unknown}
 G - 2 potions of ambrosia {unknown}
 N - a potion of resistance {unknown}
Books
 d - a book of Debilitation

   Spells                             Type                      Level
   a - Corona                         Hexes                        1
   b - Slow                           Hexes                        2
   c - Gell's Gravitas                Hexes/Translocation          3
   d - Inner Flame                    Hexes/Fire                   3
   e - Cause Fear                     Hexes                        4
   f - Leda's Liquefaction            Hexes/Earth                  4
Comestibles
 b - 8 chunks of flesh
 e - 5 bread rations
 D - 3 meat rations


   Skills:
 - Level 8.3(7.8) Fighting
 * Level 12.4(11.8) Maces & Flails
 - Level 2.3(1.9) Throwing
 + Level 2.1(1.7) Armour
 - Level 1.7(1.3) Dodging
 - Level 1.2(0.8) Spellcasting
 - Level 2.1(1.7) Hexes


You had 9 spell levels left.
You knew the following spells:

 Your Spells              Type           Power        Failure   Level  Hunger
a - Corona                Hex            #......      21%         1    ##.....


Dungeon Overview and Level Annotations

Branches:
Dungeon (6/15)
 Temple: D:4-7

Altars:
Elyvilon
Gozag
Ru
Zin
The Shining One

Shops:
D:6 (


Innate Abilities, Weirdness & Mutations

You are too large for most types of armour.
You have tough skin (AC +1).
Your casting is slightly disrupted.


Message History

You miss the orc warrior.
The orc warrior is severely wounded.
The orc warrior misses you.
You completely miss the orc warrior.
The orc warrior is severely wounded.
The orc priest closely misses you.
Wield which item (- for none, * to show all)? (? for menu, Esc to quit)
You feel less protected.
J - a +0 giant spiked club (weapon)
You miss the orc warrior.
The orc warrior is severely wounded.
The orc warrior hits you with a battleaxe!!
* * * LOW HITPOINT WARNING * * *
The orc priest misses you. The orc priest barely misses you.
Unknown command.
You barely miss the orc warrior.
The orc warrior is severely wounded.
You flicker for a moment.
The orc warrior hits you with a battleaxe!!
You die...

#...# #...# ###...#
##...∩.## ###..#....#
##########....(.....
#####......##.........#>
......o.......##....###.
.....?.@(.((..........##
.#.((.o%..(########.....
...##......# ###.## .
#......# #..#
........... ...
..##..[...#.. . #
#......#### . #.%....# .
####.... .


You could see an orc warrior and an orc priest.

Vanquished Creatures
  Duvessa (D:6)
  2 ice beasts (D:5)
  5 ogres
  3 giant frogs
  A wyvern skeleton (D:6)
  Dowan (D:6)
  A water moccasin skeleton (D:4)
  7 wights
  4 crimson imps
  A centaur skeleton (D:5)
  2 hounds
  4 orc priests
  2 iguanas (D:5)
  3 orc wizards
  4 worker ants
  7 gnolls (D:4)
  7 adders
  A shadow imp (D:5)
  2 adder skeletons (D:5)
  5 worms
  3 giant geckos
  17 orcs
  3 ball pythons
  4 goblins
  8 hobgoblins
  9 kobolds
  3 quokkas
  10 bats
  10 giant cockroaches
  A giant cockroach zombie (D:6)
  A giant gecko skeleton (D:4)
  10 giant newts
  11 jackals
  A quokka skeleton (D:4)
  7 rats
161 creatures vanquished.

Notes
Turn   | Place    | Note
--------------------------------------------------------------
     0 | D:1      | HungrySpirit the Ogre Arcane Marksman began the quest for the Orb.
     0 | D:1      | Reached XP level 1. HP: 19/19 MP: 2/2
   298 | D:1      | Reached XP level 2. HP: 18/28 MP: 3/3
   412 | D:1      | Reached skill level 1 in Maces & Flails
   988 | D:2      | Reached XP level 3. HP: 7/36 MP: 4/4
  1663 | D:2      | Reached skill level 3 in Fighting
  1992 | D:3      | Reached XP level 4. HP: 45/45 MP: 5/5
  2032 | D:3      | Reached skill level 4 in Maces & Flails
  2032 | D:3      | Reached XP level 5. HP: 50/54 MP: 6/6
  2540 | D:3      | Found a faded altar to an unknown god.
  2557 | D:3      | Became a worshipper of Ru the Awakened
  2856 | D:3      | Reached skill level 5 in Maces & Flails
  3293 | D:4      | Reached XP level 6. HP: 63/63 MP: 7/7
  3363 | D:4      | Reached skill level 6 in Maces & Flails
  3382 | D:4      | Noticed an ogre
  3390 | D:4      | Killed an ogre
  3390 | D:4      | Reached skill level 5 in Fighting
  3539 | D:4      | Found an opulent altar of Gozag.
  3749 | D:4      | Reached skill level 7 in Maces & Flails
  3763 | D:4      | Reached XP level 7. HP: 66/72 MP: 8/8
  4026 | D:4      | Found a glowing golden altar of the Shining One.
  4026 | D:4      | Found a sacrificial altar of Ru.
  4185 | D:4      | Found a glowing silver altar of Zin.
  4188 | D:4      | Found an opulent altar of Gozag.
  4207 | D:4      | Noticed an ogre
  4210 | D:4      | Killed an ogre
  4242 | D:5      | Entered Level 5 of the Dungeon
  4242 | D:5      | Found a white marble altar of Elyvilon.
  4246 | D:5      | Reached skill level 8 in Maces & Flails
  4327 | D:5      | Reached skill level 9 in Maces & Flails
  4327 | D:5      | Reached XP level 8. HP: 78/84 MP: 9/9
  4552 | D:5      | Reached skill level 10 in Maces & Flails
  5093 | D:5      | Gained mutation: Your casting is slightly disrupted. [Ru sacrifice]
  5095 | D:6      | Noticed Dowan
  5299 | D:6      | Killed Dowan
  5478 | D:6      | Noticed Duvessa
  5483 | D:6      | Killed Duvessa
  5483 | D:6      | Reached skill level 11 in Maces & Flails
  5564 | D:6      | Reached XP level 9. HP: 79/96 MP: 10/10
  5625 | D:5      | Reached skill level 1 in Armour
  6229 | D:6      | Reached skill level 12 in Maces & Flails
  6332 | D:6      | Found Quoffien's Antique Weapon Shoppe.
  6419 | D:6      | Slain by an orc warrior

Action                   |  1- 3 |  4- 6 |  7- 9 || total
-------------------------+-------+-------+-------++-------
Melee: Short sword       |    34 |       |       ||    34
       Unarmed           |     9 |       |       ||     9
       Spear             |    31 |       |       ||    31
       Mace              |    58 |   136 |   274 ||   468
       Giant spiked club |       |       |     2 ||     2
Throw: Large rock        |     5 |    28 |    58 ||    91
       Throwing net      |       |     2 |     9 ||    11
Invok: Reject Sacrifices |       |     1 |       ||     1
       Sacrifice Essence |       |       |     1 ||     1
  Use: Scroll            |       |       |     1 ||     1
       Potion            |       |       |     1 ||     1
 Stab: Sleeping          |     1 |     1 |       ||     2
       Held in net/web   |       |       |     6 ||     6
       Distracted        |       |       |     1 ||     1
       Invisible         |       |       |     4 ||     4
  Eat: Chunk             |     4 |     5 |     7 ||    16
       Fruit             |       |       |     3 ||     3
